| TOP OF THE 1ST |
|
Dayton Dragons batting - Pitching for West Virginia Power : RHP Jerry Spitler
|
|
Pitching: RHP Jerry Spitler
|
|
|
Batting: LHB Kelvin Jones
|
0-0: Called Strike 0-1: Ball 1-1: Ball 2-1: Foul Ball, location: 2F 2-2: Ground out 4-3 (Groundball, 4, EV 81.2 MPH)
|
|
Batting: RHB Alex Villagomez
|
0-0: Ball 1-0: Ground out 6-3 (Groundball, 56, EV 104.4 MPH)
|
|
Batting: RHB Logan Johnson
|
0-0: Ball 1-0: Foul Ball, location: 2F 1-1: Swinging Strike 1-2: Ground out 5-3 (Groundball, 56S, EV 90.6 MPH)
|
| Top of the 1st over - 0 runs, 0 hits, 0 errors, 0 left on base; Dayton 0 - West Virginia 0 |
| BOTTOM OF THE 1ST |
|
West Virginia Power batting - Pitching for Dayton Dragons : LHP Josue Silva
|
|
Pitching: LHP Josue Silva
|
|
|
Batting: SHB Don Hauk
|
0-0: Foul Ball, location: 2F 0-1: Fly out, F7 (Flyball, 7, EV 78.8 MPH)
|
|
Batting: LHB Norm Silveira-Wray
|
0-0: Ground out 6-3 (Groundball, 6, EV 78.8 MPH)
|
|
Batting: RHB Melvin Durland
|
0-0: Called Strike 0-1: Ball 1-1: Fly out, F8 (Flyball, 89XD, EV 103.8 MPH)
|
| Bottom of the 1st over - 0 runs, 0 hits, 0 errors, 0 left on base; Dayton 0 - West Virginia 0 |
| TOP OF THE 2ND |
|
Dayton Dragons batting - Pitching for West Virginia Power : RHP Jerry Spitler
|
|
Batting: LHB Chris Redhead
|
0-0: Ball 1-0: Called Strike 1-1: Called Strike 1-2: Strikes out swinging
|
|
Batting: SHB Jaivata Mohanty
|
0-0: Called Strike 0-1: Ball 1-1: Swinging Strike 1-2: Ball 2-2: Ball 3-2: Foul Ball, location: 2F 3-2: Strikes out looking
|
|
Batting: RHB Alex Juarez
|
0-0: Called Strike 0-1: Ball 1-1: Called Strike 1-2: Ball 2-2: Ground out 5-3 (Groundball, 56S, EV 86.2 MPH)
|
| Top of the 2nd over - 0 runs, 0 hits, 0 errors, 0 left on base; Dayton 0 - West Virginia 0 |
| BOTTOM OF THE 2ND |
|
West Virginia Power batting - Pitching for Dayton Dragons : LHP Josue Silva
|
|
Batting: RHB Rusty Trader
|
0-0: Ground out 6-3 (Groundball, 6, EV 84.4 MPH)
|
|
Batting: SHB Rob Haney
|
0-0: Ball 1-0: Called Strike 1-1: Fly out, F9 (Flyball, 89D, EV 98.8 MPH)
|
|
Batting: RHB Jaime Dubicki
|
0-0: Foul Ball, location: 2F 0-1: Ball 1-1: Ball 2-1: Ball 3-1: SINGLE (Groundball, 56D, EV 106.2 MPH)
|
|
Batting: RHB Chris Arroyo
|
0-0: Ball 1-0: Called Strike 1-1: Swinging Strike 1-2: Foul Ball, location: 2F 1-2: Strikes out looking
|
| Bottom of the 2nd over - 0 runs, 1 hit, 0 errors, 1 left on base; Dayton 0 - West Virginia 0 |
| TOP OF THE 3RD |
|
Dayton Dragons batting - Pitching for West Virginia Power : RHP Jerry Spitler
|
|
Batting: LHB Elias Posada
|
0-0: Fly out, F7 (Flyball, 7S, EV 93.1 MPH)
|
|
Batting: RHB Gabriel Arias
|
0-0: Swinging Strike 0-1: Ball 1-1: Called Strike 1-2: Ball 2-2: Ball 3-2: Strikes out swinging
|
|
Batting: RHB John Hopkins
|
0-0: Ball 1-0: Called Strike 1-1: Foul Ball, location: 2F 1-2: Fly out, F3 (Line Drive, 3L, EV 70.6 MPH)
|
| Top of the 3rd over - 0 runs, 0 hits, 0 errors, 0 left on base; Dayton 0 - West Virginia 0 |
| BOTTOM OF THE 3RD |
|
West Virginia Power batting - Pitching for Dayton Dragons : LHP Josue Silva
|
|
Batting: RHB David Zelaya
|
0-0: Fly out, F4 (Line Drive, 4, EV 65.6 MPH)
|
|
Batting: RHB Hugo Montemayor
|
0-0: Ball 1-0: Ball 2-0: Ball 3-0: Called Strike 3-1: Base on Balls
|
|
Batting: SHB Don Hauk
|
0-0: Fielders Choice at 2nd, 4-6 (Groundball, 4, EV 97.5 MPH)
|
|
Batting: LHB Norm Silveira-Wray
|
0-0: Swinging Strike 0-1: Ball 1-1: Called Strike Don Hauk steals 2nd base 1-2: Strikes out swinging
|
| Bottom of the 3rd over - 0 runs, 0 hits, 0 errors, 1 left on base; Dayton 0 - West Virginia 0 |
| TOP OF THE 4TH |
|
Dayton Dragons batting - Pitching for West Virginia Power : RHP Jerry Spitler
|
|
Batting: LHB Kelvin Jones
|
0-0: Foul Ball, location: 2F 0-1: Called Strike 0-2: Ground out 6-3 (Groundball, 6, EV 86.9 MPH)
|
|
Batting: RHB Alex Villagomez
|
0-0: Foul Ball, location: 2F 0-1: Ball 1-1: Ground out 6-3 (Groundball, 6, EV 91.9 MPH)
|
|
Batting: RHB Logan Johnson
|
0-0: Swinging Strike 0-1: Ball 1-1: Ball 2-1: Called Strike 2-2: Strikes out swinging
|
| Top of the 4th over - 0 runs, 0 hits, 0 errors, 0 left on base; Dayton 0 - West Virginia 0 |
| BOTTOM OF THE 4TH |
|
West Virginia Power batting - Pitching for Dayton Dragons : LHP Josue Silva
|
|
Batting: RHB Melvin Durland
|
0-0: Ball 1-0: Called Strike 1-1: Ball 2-1: Ball 3-1: Base on Balls
|
|
Batting: RHB Rusty Trader
|
0-0: Ball 1-0: Ball 2-0: Called Strike Melvin Durland steals 2nd base 2-1: Ground out 6-3 (Groundball, 6, EV 105.0 MPH)
|
|
Batting: SHB Rob Haney
|
0-0: Ground out 6-3 (Groundball, 4M, EV 88.1 MPH) Melvin Durland to third
|
|
Batting: RHB Jaime Dubicki
|
0-0: Called Strike 0-1: Swinging Strike 0-2: Strikes out looking
|
| Bottom of the 4th over - 0 runs, 0 hits, 0 errors, 1 left on base; Dayton 0 - West Virginia 0 |
| TOP OF THE 5TH |
|
Dayton Dragons batting - Pitching for West Virginia Power : RHP Jerry Spitler
|
|
Batting: LHB Chris Redhead
|
0-0: Called Strike 0-1: Ball 1-1: Called Strike 1-2: Ground out 5-3 (Groundball, 5, EV 82.5 MPH)
|
|
Batting: SHB Jaivata Mohanty
|
0-0: Called Strike 0-1: Ball 1-1: Ball 2-1: Ball 3-1: Foul Ball, location: 2F 3-2: Foul Ball, location: 2F 3-2: Foul Ball, location: 2F 3-2: Foul Ball, location: 2F 3-2: Foul Ball, location: 2F 3-2: Strikes out swinging
|
|
Batting: RHB Alex Juarez
|
0-0: Called Strike 0-1: Swinging Strike 0-2: Ball 1-2: Ground out 6-3 (Groundball, 6, EV 90.0 MPH)
|
| Top of the 5th over - 0 runs, 0 hits, 0 errors, 0 left on base; Dayton 0 - West Virginia 0 |
| BOTTOM OF THE 5TH |
|
West Virginia Power batting - Pitching for Dayton Dragons : LHP Josue Silva
|
|
Batting: RHB Chris Arroyo
|
0-0: Called Strike 0-1: Foul Ball, location: 2F 0-2: Fly out, F8 (Flyball, 8RD, EV 100.0 MPH)
|
|
Batting: RHB David Zelaya
|
0-0: Called Strike 0-1: Ball 1-1: Foul Ball, location: 2F 1-2: Reached on error, E5 (Groundball, 56, EV 87.5 MPH)
|
|
Batting: RHB Hugo Montemayor
|
0-0: Ball 1-0: Ball 2-0: SINGLE (Groundball, 6, EV 94.4 MPH) David Zelaya to second
|
|
Batting: SHB Don Hauk
|
0-0: Ball 1-0: Ball 2-0: Ball 3-0: Base on Balls David Zelaya to third Hugo Montemayor to second
|
|
Batting: LHB Norm Silveira-Wray
|
0-0: Called Strike 0-1: Ball 1-1: Swinging Strike 1-2: Strikes out swinging
|
|
Batting: RHB Melvin Durland
|
0-0: Foul Ball, location: 2F 0-1: Ball 1-1: Called Strike 1-2: Foul Ball, location: 2F 1-2: Foul Ball, location: 2F 1-2: Ball 2-2: Foul Ball, location: 2F 2-2: Fielders Choice at 2nd, 6-4 (Groundball, 6, EV 82.5 MPH)
|
| Bottom of the 5th over - 0 runs, 1 hit, 1 error, 3 left on base; Dayton 0 - West Virginia 0 |
| TOP OF THE 6TH |
|
Dayton Dragons batting - Pitching for West Virginia Power : RHP Jerry Spitler
|
|
Batting: LHB Elias Posada
|
0-0: Called Strike 0-1: Ball 1-1: Ground out 1-3 (Groundball, 15S, EV 70.0 MPH)
|
|
Batting: RHB Gabriel Arias
|
0-0: Called Strike 0-1: Ball 1-1: Ball 2-1: Called Strike 2-2: Strikes out swinging
|
|
Batting: RHB John Hopkins
|
0-0: Called Strike 0-1: Swinging Strike 0-2: Ball 1-2: Strikes out swinging
|
| Top of the 6th over - 0 runs, 0 hits, 0 errors, 0 left on base; Dayton 0 - West Virginia 0 |
| BOTTOM OF THE 6TH |
|
West Virginia Power batting - Pitching for Dayton Dragons : LHP Josue Silva
|
|
Batting: RHB Rusty Trader
|
0-0: Called Strike 0-1: Ball 1-1: Swinging Strike 1-2: Ball 2-2: Strikes out swinging
|
|
Batting: SHB Rob Haney
|
0-0: Swinging Strike 0-1: Called Strike 0-2: Ball 1-2: Ball 2-2: Strikes out swinging
|
|
Batting: RHB Jaime Dubicki
|
0-0: Ball 1-0: Ball 2-0: Ball 3-0: Base on Balls
|
|
Batting: RHB Chris Arroyo
|
0-0: Ball 1-0: Ground out 5-3 (Groundball, 56S, EV 63.8 MPH)
|
| Bottom of the 6th over - 0 runs, 0 hits, 0 errors, 1 left on base; Dayton 0 - West Virginia 0 |
| TOP OF THE 7TH |
|
Dayton Dragons batting - Pitching for West Virginia Power : RHP Jerry Spitler
|
|
Batting: LHB Kelvin Jones
|
0-0: Called Strike 0-1: Ball 1-1: Ball 2-1: Foul Ball, location: 2F 2-2: Ground out 3-1 (Groundball, 34S, EV 87.5 MPH)
|
|
Batting: RHB Alex Villagomez
|
0-0: Ball 1-0: Foul Ball, location: 2F 1-1: Foul Ball, location: 2F 1-2: Ground out 6-3 (Groundball, 6MS, EV 85.0 MPH)
|
|
Batting: RHB Logan Johnson
|
0-0: Ball 1-0: Called Strike 1-1: Swinging Strike 1-2: Ball 2-2: Foul Ball, location: 2F 2-2: Strikes out swinging
|
| Top of the 7th over - 0 runs, 0 hits, 0 errors, 0 left on base; Dayton 0 - West Virginia 0 |
| BOTTOM OF THE 7TH |
|
West Virginia Power batting - Pitching for Dayton Dragons : LHP Josue Silva
|
|
Batting: RHB David Zelaya
|
0-0: Called Strike 0-1: Ball 1-1: Foul Ball, location: 2F 1-2: Fly out, F8 (Flyball, 89M, EV 91.2 MPH)
|
|
Pitching: RHP Danny Felan
|
|
|
Batting: LHB Shuan-yan Wu
|
0-0: Called Strike 0-1: Ground out 3-1 (Groundball, 34S, EV 90.0 MPH)
|
|
Batting: SHB Don Hauk
|
0-0: Fly out, F9 (Flyball, 9, EV 89.4 MPH)
|
| Bottom of the 7th over - 0 runs, 0 hits, 0 errors, 0 left on base; Dayton 0 - West Virginia 0 |
| TOP OF THE 8TH |
|
Dayton Dragons batting - Pitching for West Virginia Power : RHP Jerry Spitler
|
|
Batting: LHB Chris Redhead
|
0-0: Ground out 4-3 (Groundball, 13, EV 86.2 MPH)
|
|
Batting: SHB Jaivata Mohanty
|
0-0: Ball 1-0: Called Strike 1-1: Foul Ball, location: 2F 1-2: Strikes out swinging
|
|
Batting: RHB Alex Juarez
|
0-0: Called Strike 0-1: Ball 1-1: Ball 2-1: Ground out 5-3 (Groundball, 5L, EV 90.6 MPH)
|
| Top of the 8th over - 0 runs, 0 hits, 0 errors, 0 left on base; Dayton 0 - West Virginia 0 |
| BOTTOM OF THE 8TH |
|
West Virginia Power batting - Pitching for Dayton Dragons : RHP Danny Felan
|
|
Pitching: LHP Juan Villegas
|
|
|
Pinch Hitting: RHB Joe Bower
|
0-0: Ball 1-0: Called Strike 1-1: Ball 2-1: Ball 3-1: Base on Balls
|
|
Batting: RHB Melvin Durland
|
0-0: Ball 1-0: 2-RUN HOME RUN (Flyball, 7D, EV 97.5 MPH), Distance : 386 ft
|
|
Batting: RHB Rusty Trader
|
0-0: Ball 1-0: Swinging Strike 1-1: Foul Ball, location: 2F 1-2: Ball 2-2: Strikes out swinging
|
|
Batting: SHB Rob Haney
|
0-0: Swinging Strike 0-1: Ball 1-1: Called Strike 1-2: Foul Ball, location: 2F 1-2: Ball 2-2: Strikes out swinging
|
|
Batting: RHB Jaime Dubicki
|
0-0: Foul Ball, location: 2F 0-1: Ball 1-1: Ball 2-1: Called Strike 2-2: Ball 3-2: Base on Balls
|
|
Batting: RHB Chris Arroyo
|
0-0: Reached on error, E2 (Groundball, 13S, EV 71.2 MPH) Jaime Dubicki to third
|
|
Batting: RHB David Zelaya
|
0-0: Foul Ball, location: 2F 0-1: Ball 1-1: Ball 2-1: Swinging Strike 2-2: Strikes out swinging
|
| Bottom of the 8th over - 2 runs, 1 hit, 1 error, 2 left on base; Dayton 0 - West Virginia 2 |
| TOP OF THE 9TH |
|
Dayton Dragons batting - Pitching for West Virginia Power : RHP Jerry Spitler
|
|
Now at 1B: Jim Weidman
|
|
|
Batting: LHB Elias Posada
|
0-0: Foul Ball, location: 2F 0-1: Ball 1-1: SINGLE (Line Drive, 4D, EV 93.8 MPH)
|
|
Pitching: LHP Dustin Waller
|
|
|
Batting: RHB Gabriel Arias
|
0-0: Swinging Strike 0-1: Swinging Strike 0-2: Ball 1-2: Foul Ball, location: 2F 1-2: Ball 2-2: Ball 3-2: Strikes out looking
|
|
Batting: RHB John Hopkins
|
0-0: SINGLE (Groundball, 34D, EV 95.0 MPH) Elias Posada to second
|
|
Pinch Hitting: RHB Ernie Maldonado
|
0-0: Foul Ball, location: 2F 0-1: Foul Ball, location: 2F 0-2: Strikes out swinging
|
|
Batting: RHB Alex Villagomez
|
0-0: Foul Ball, location: 2F 0-1: Swinging Strike 0-2: Ball 1-2: Strikes out looking
|
| Top of the 9th over - 0 runs, 2 hits, 0 errors, 2 left on base; Dayton 0 - West Virginia 2 |
|